 Dungeon Crawl Stone Soup version 0.18.1-1-g2f07953 (webtiles) character file.

41 imoen the Insei (level 3, -9/19 HPs)
             Began as a Vine Stalker Monk on May 6, 2016.
             Mangled by an iguana (12 damage)
             ... on level 4 of the Dungeon.
             The game lasted 00:05:46 (368 turns).

imoen the Insei (Vine Stalker Monk)                  Turns: 368, Time: 00:05:47

Health: -9/19      AC:  3    Str: 14    XL:     3   Next: 52%
Magic:  0/4        EV: 13    Int: 10    God:
Gold:   108        SH:  0    Dex: 16    Spells: 0 memorised, 2 levels left

rFire  . . .     SeeInvis .       - Unarmed
rCold  . . .     Gourm    .     a - +0 robe
rNeg   . . .     Faith    .     (no shield)
rPois  .         Spirit   +     (no helmet)
rElec  .         Dismiss  .     (no cloak)
rCorr  .         Reflect  .     (no gloves)
SustAt .         Harm     .     l - +0 pair of boots
MR     .....                    (no amulet)
Stlth  ++........               (no ring)
                                (no ring)

@: not resistant to hostile enchantments, unstealthy
A: fangs 2, regeneration 1, magic shield, antimagic bite, no device heal 3, rot
immunity
a: no special abilities


You were on level 4 of the Dungeon.
You were not hungry.

You visited 1 branch of the dungeon, and saw 4 of its levels.

You collected 108 gold pieces.

Inventory:

Missiles
 i - 13 poisoned needles
Armour
 a - a +0 robe (worn)
 l - a +0 pair of boots (worn)
   (You found it on level 4 of the Dungeon)
Scrolls
 c - 3 scrolls of enchant armour {unknown}
 f - 2 scrolls of identify {unknown}
 g - a scroll of magic mapping {unknown}
Potions
 d - a potion of berserk rage {unknown}
 h - a potion of heal wounds {unknown}
 k - a potion of curing {unknown}
Books
 e - a book of Death
   (You found it on level 2 of the Dungeon)
Comestibles
 b - a bread ration
 j - a meat ration


   Skills:
 - Level 2.6 Fighting
 - Level 2.4 Dodging
 - Level 2.4 Stealth
 + Level 5.2 Unarmed Combat


You had 2 spell levels left.
You didn't know any spells.

Dungeon Overview and Level Annotations

Branches:
Dungeon (4/15)
 Temple: D:4-7

Altars:
Nemelex Xobeh


Innate Abilities, Weirdness & Mutations

You have extremely sharp teeth.
Your natural rate of healing is unusually fast.
When hurt, damage is shared between your health and your magic reserves.
Your bite disrupts and absorbs the magic of your enemies.
Potions and wands cannot restore your health.
You are immune to rotting.


Message History

You take 4 damage, and have 15/19 hp.
MASSIVE DAMAGE!!
You now have 3/4 mp.
You closely miss the goblin. Your bite misses the goblin.
You closely miss the goblin. The goblin barely misses you.
You closely miss the goblin. Your bite misses the goblin.
The goblin misses you.
You closely miss the goblin. Your bite misses the goblin.
The goblin closely misses you.
You closely miss the goblin. The kobold closely misses you.
The goblin hits you with a club.
* * * LOW HITPOINT WARNING * * *
You take 3 damage, and have 13/19 hp.
You hit the goblin. You bite the goblin. You drain its power.
You feel invigorated.
You kill the goblin!
The kobold completely misses you. MP restored: 4 The kobold misses you.
Things that are here:
a club; a goblin corpse Unknown command.
You hit the kobold. The kobold barely misses you.
You closely miss the kobold. The kobold barely misses you.
You completely miss the kobold. The kobold barely misses you.
You punch the kobold!
You kill the kobold!
Unknown command.
A bat comes into view.
The bat closely misses you. The bat hits you but does no damage.
You see here a lumpy black potion.
k - a lumpy black potion The bat hits you.
You now have 3/4 mp.
You closely miss the bat. Your bite misses the bat. The bat misses you.
The bat hits you. The bat barely misses you.
You take 1 damage, and have 16/19 hp.
You closely miss the bat. Your bite misses the bat. The bat closely misses you.
You hit the bat but do no damage. The bat closely misses you.
Unknown command.
The bat hits you but does no damage.
Unknown command.
The bat closely misses you.
MP restored: 4 Unknown command.
The bat closely misses you.
You hit the bat.
You kill the bat!
Unknown command.
You see here a scroll labeled XUNOR OBLAE.
Health restored: 19
f - 2 scrolls labeled XUNOR OBLAE (gained 1)
The helpless adder fails to defend itself.
You punch the adder! Your bite misses the adder.
The adder bites you but does no damage.
You hit the adder.
You kill the adder!
Unknown command.
Unknown command.
There is an escape hatch in the floor here.
You slide downwards.
The hatch slams shut behind you.
Unknown command.
A giant cockroach comes into view.
The giant cockroach bites you but does no damage.
You hit the giant cockroach but do no damage.
The giant cockroach closely misses you.
You hit the giant cockroach. The giant cockroach misses you.
You closely miss the giant cockroach. Your bite misses the giant cockroach.
The giant cockroach barely misses you.
You hit the giant cockroach.
You kill the giant cockroach!
No target in view!
l - a pair of boots Wear which item? (? for menu, Esc to quit)
You start putting on your armour.
You continue putting on your pair of boots. x4
You finish putting on your +0 pair of boots.
An iguana comes into view.
You see here a spear.
A jelly comes into view.
The iguana hisses angrily.
The iguana bites you!
* * * LOW HITPOINT WARNING * * *
You take 7 damage, and have 12/19 hp.
MASSIVE DAMAGE!!
You now have 3/4 mp.
You hit the iguana. You punch the iguana.
You bite the iguana, but do no damage. The iguana barely misses you.
You hit the iguana. The iguana bites you!
Ouch! That really hurt!
* * * LOW HITPOINT WARNING * * *
You take 9 damage, and have 3/19 hp.
MASSIVE DAMAGE!!
You now have 0/4 mp.
You closely miss the iguana. Your bite misses the iguana.
The iguana closely misses you.
You hit the iguana. The iguana bites you!
Ouch! That really hurt!
You die...

........
##......
.#.....# ..
..[... #.#
#.... #.#
#... #.#
#.l##.#
#@#.#
####...#
#......#
.....###.)#
.J######..##
# ##...#..#
###.
#.......#
...#
#.......##
...#
#........##


You could see an iguana.

Vanquished Creatures
  An adder (D:3)
  2 oozes (D:2)
  A giant gecko (D:2)
  An orc (D:3)
  2 bats (D:3)
  2 giant cockroaches
  A hobgoblin (D:3)
  2 jackals (D:1)
  4 kobolds
  A quokka (D:3)
  2 goblins (D:3)
  2 rats (D:3)
21 creatures vanquished.

Notes
Turn   | Place    | Note
--------------------------------------------------------------
     0 | D:1      | imoen the Vine Stalker Monk began the quest for the Orb.
     0 | D:1      | Reached XP level 1. HP: 11/11 MP: 2/2
    67 | D:2      | Reached XP level 2. HP: 8/16 MP: 3/3
   198 | D:3      | Reached XP level 3. HP: 14/19 MP: 4/4
   255 | D:3      | Found a sparkling altar of Nemelex Xobeh.
   274 | D:3      | Reached skill level 5 in Unarmed Combat
   366 | D:4      | HP: 3/19 [iguana (10)]
   368 | D:4      | Mangled by an iguana

Skill      XL: |  1  2  3 |
---------------+----------+-----
Unarmed Combat | 5 |  5.2
Fighting       | |  2.6
Dodging        | |  2.4
Stealth        | |  2.4

Action                   || total
-------------------------++-------
Melee: Unarmed           ||    77
       Bite              ||    13
       Punch             ||     3
 Stab: Sleeping          ||     1
Armor: Robe              ||     8
Dodge: Dodged            ||    51

Vault maps used:
D:1:      minmay_arrival_up_and_down
D:2:      nicolae_overflow_hidden_temple, uniq_robin
D:3:      lemuel_crystal_altar, nemelex_altar_shiori, first_bread
D:4:      kennysheep_the_goblin_king, marbit_many_paths, lightli_temple_of_fire,
          uniq_blork_the_orc

Table legend:
 A = Turns spent in this place as a percentage of turns spent in the entire game.
 B = Non-inter-level travel turns spent in this place as a percentage of non-inter-level travel turns spent in the entire game.
 C = Inter-level travel turns spent in this place as a percentage of turns spent in this place.
 D = Turns resting spent in this place as a percentage of non-inter-level travel turns spent in this place.
 E = Turns spent auto-exploring this place as a percentage of non-inter-level travel turns spent in this place.
 F = Non-inter-level travel turns spent in this place divided by the number of levels of this place that you've seen.
                   A       B       C       D       E      F
               +-------+-------+-------+-------+-------+----------------------
         Total | 100.0 | 100.0 |   1.2 |   0.0 |   0.0 |  81.8
       Dungeon | 100.0 | 100.0 |   1.2 |   0.0 |   0.0 |  81.8
               +-------+-------+-------+-------+-------+----------------------

Table legend:
 A = Kills in this place as a percentage of kills in entire the game.
 B = Kills by you in this place as a percentage of kills by you in the entire game.
 C = Kills by friends in this place as a percentage of kills by friends in the entire game.
 D = Other kills in this place as a percentage of other kills in the entire game.
 E = Experience gained in this place as a percentage of experience gained in the entire game.
 F = Experience gained in this place divided by the number of levels of this place that you have seen.
                   A       B       C       D       E      F
               +-------+-------+-------+-------+-------+----------------------
         Total | 100.0 | 100.0 |  -nan |  -nan | 100.0 |  14.8
       Dungeon | 100.0 | 100.0 |  -nan |  -nan | 100.0 |  14.8
               +-------+-------+-------+-------+-------+----------------------
